 Dungeon Crawl Stone Soup version 0.30.1-4-g462c640d31 (webtiles) character file.

Game seed: 10885629287037702384

686 Cheops the Conjurer (level 7, 0/36 HPs)
             Began as a Deep Elf Conjurer on Aug 26, 2023.
             Slain by Edmund
             ... wielding a +3 flail of protection
              (10 damage)
             ... on level 4 of the Dungeon.
             The game lasted 00:10:15 (4321 turns).

Cheops the Conjurer (Deep Elf Conjurer)             Turns: 4321, Time: 00:10:15

Health: 0/36       AC:  2    Str:  4    XL:     7   Next: 35%
Magic:  4/16       EV: 12    Int: 25    God:
Gold:   231        SH:  0    Dex: 13    Spells: 6/16 levels left

rFire   . . .        a - +2 dagger (venom)
rCold   . . .        (no shield)
rNeg    . . .        i - +0 robe
rPois   +            (no helmet)
rElec   .            (no cloak)
rCorr   .            (no gloves)
SInv    .            (no boots)
Will    +....        (no amulet)
Stlth   ++           c - ring of willpower
HPRegen 0.26/turn    q - ring of poison resistance
MPRegen 0.15/turn

%: no passive effects
@: no status effects
A: no striking features
a: no special abilities


You were on level 4 of the Dungeon.
You visited 1 branch of the dungeon, and saw 4 of its levels.

You collected 231 gold pieces.

Inventory:

Hand Weapons
 a - a +2 dagger of venom (weapon)
Armour
 i - a +0 robe (worn)
Jewellery
 c - a ring of willpower (left hand)
 q - a ring of poison resistance (right hand)
 r - a ring of see invisible
 s - a ring of flight
Wands
 u - a wand of iceblast (11)
Scrolls
 f - 2 scrolls of fear {unknown}
 g - a scroll of enchant armour {unknown}
 l - 2 scrolls of torment {unknown}
 m - 4 scrolls of identify {unknown}
 n - a scroll of fog {unknown}
 o - a scroll of vulnerability {unknown}
 t - a scroll of teleportation {unknown}
Potions
 b - a potion of magic
 d - a potion of brilliance {unknown}
 e - 3 potions of degeneration {unknown}
 h - 2 potions of resistance {unknown}
 j - 2 potions of attraction {unknown}
 k - a potion of cancellation {unknown}
 p - 2 potions of mutation {unknown}
 v - a potion of curing {unknown}
 w - a potion of flight {unknown}


   Skills:
 - Level 2.4 Dodging
 - Level 2.4 Stealth
 - Level 5.0 Spellcasting
 + Level 7.7 Conjurations
 - Level 6.0 Hexes


You had 6 spell levels left.
You knew the following spells:

 Your Spells              Type           Power      Damage    Failure   Level
a - Magic Dart            Conj           100%       1d8       1%          1
b - Searing Ray           Conj           90%        2d7       1%          2
d - Dazzling Flash        Conj/Hex       80%        N/A       1%          3
p - Fulminant Prism       Conj/Hex       20%        3d12      4%          4

Your spell library contained the following spells:

 Spells                   Type           Power      Damage    Failure   Level
 Portal Projectile        Hex/Tloc       42%        N/A       7%          3
 Sublimation of Blood     Necr           6%         N/A       12%         2
 Wereblood                Tmut           6%         N/A       12%         2
 Iskenderun's Mystic Bla  Conj/Tloc      25%        2d7       17%         4
 Call Canine Familiar     Summ           6%         N/A       24%         3
 Leda's Liquefaction      Hex/Erth       10%        N/A       24%         4
 Summon Hydra             Summ           3%         N/A       100%        7


Dungeon Overview and Level Annotations

Branches:
Dungeon (4/15)
 Temple: D:4-7

Altars:
Fedhas
Wu Jian

Shops:
D:2 [

Annotations:
D:4 Edmund


Message History

Your fulminant prism explodes!
The blast of energy engulfs the bush.
The bush is lightly damaged.
The blast of energy engulfs the bush!
The bush is lightly damaged.
The blast of energy engulfs Edmund!
Edmund is moderately wounded.
Casting: Fulminant Prism (quite dangerous; 4% risk of failure)
Confirm with . or Enter, or press ? or * to list all spells.
The spell is quite dangerous to miscast (4% risk of failure)!
Continue anyway?
Aiming: Fulminant Prism (quite dangerous; 4% risk of failure)
Press: ? - help, Dir - move target You miscast Fulminant Prism.
Nothing appears to happen.
Casting: Fulminant Prism (quite dangerous; 4% risk of failure)
Confirm with . or Enter, or press ? or * to list all spells.
The spell is quite dangerous to miscast (4% risk of failure)!
Continue anyway?
Aiming: Fulminant Prism (quite dangerous; 4% risk of failure)
Press: ? - help, Dir - move target You miscast Fulminant Prism.
Nothing appears to happen.
Casting: Fulminant Prism (quite dangerous; 4% risk of failure)
Confirm with . or Enter, or press ? or * to list all spells.
You don't have enough magic to cast this spell.
Edmund attacks as you move away! Edmund misses you.
You barely miss Edmund.
Edmund is moderately wounded.
Edmund hits you with a +3 flail of protection!
You hit Edmund but do no damage.
Edmund is moderately wounded.
Edmund hits you with a +3 flail of protection!
* * * LOW HITPOINT WARNING * * *
You hit Edmund but do no damage.
Edmund is poisoned.
Edmund is moderately wounded.
Edmund misses you.
Your magical contamination has completely faded away.
Edmund attacks as you move away!
Edmund hits you with a +3 flail of protection!
* * * LOW HITPOINT WARNING * * *
Edmund attacks as you move away!
Edmund hits you with a +3 flail of protection!
You die...

#.# #.#
##########.#######'##
#..............##...##
#.#####.##.###.#.....## #
#.# #......# #........## ##
#.# #.#...####.........####.
#.# #........'......<..+....
#.###.#...####.........####.
#..........@@.........## ##
#####.##########.....## #
#.## ##...## #..# ##+## ##.#
#.# #.# #.# #.# ##.## #.#
##...## ##### #.#
#######.....###...#


You could see Edmund (poisoned).

Vanquished Creatures
  Sigmund (D:4)
  2 black bears (D:4)
  An orc priest (D:4)
  A gnoll bouda (D:3)
  Jessica (D:2)
  2 iguanas
  A sleepcap (D:4)
  3 orc wizards
  3 gnolls (D:3)
  2 adders
  3 worms
  2 dart slugs
  6 orcs
  10 endoplasms
  5 giant cockroaches
  7 hobgoblins
  3 jackals (D:2)
  3 kobolds
  2 ball pythons
  3 bats
  3 frilled lizards
  6 goblins
  6 rats
76 creatures vanquished.

Vanquished Creatures (others)
  5 fulminant prisms (D:4)
5 creatures vanquished.

Grand Total: 81 creatures vanquished

Notes
Turn   | Place    | Note
-------+----------+-------------------------------------------
     0 | D:1      | Cheops the Deep Elf Conjurer began the quest for the Orb.
     0 | D:1      | Reached XP level 1. HP: 10/10 MP: 6/6
   210 | D:1      | Reached XP level 2. HP: 15/15 MP: 5/8
   703 | D:1      | Learned a level 2 spell: Searing Ray
   818 | D:2      | Found Suschykhlu's Antique Armour Emporium.
  1051 | D:2      | Reached skill level 5 in Conjurations
  1051 | D:2      | Reached XP level 3. HP: 19/19 MP: 2/10
  1144 | D:2      | Noticed Jessica
  1148 | D:2      | Killed Jessica
  1149 | D:2      | Reached XP level 4. HP: 24/24 MP: 6/12
  1583 | D:2      | Reached skill level 6 in Conjurations
  1836 | D:2      | Found a blossoming altar of Fedhas.
  2156 | D:3      | Found an ornate altar of the Wu Jian Council.
  2276 | D:3      | Reached XP level 5. HP: 28/28 MP: 6/13
  2395 | D:3      | Reached skill level 7 in Conjurations
  2453 | D:3      | Learned a level 3 spell: Dazzling Flash
  2458 | D:3      | Learned a level 4 spell: Fulminant Prism
  2797 | D:4      | Noticed a black bear
  2867 | D:4      | Killed a black bear
  2868 | D:4      | Reached skill level 5 in Spellcasting
  2868 | D:4      | Reached XP level 6. HP: 26/32 MP: 2/15
  3570 | D:4      | Reached skill level 1 in Hexes
  4154 | D:4      | Noticed Sigmund
  4158 | D:4      | Noticed Edmund
  4162 | D:4      | Killed Sigmund
  4163 | D:4      | Reached skill level 5 in Hexes
  4163 | D:4      | Reached XP level 7. HP: 32/36 MP: 8/16
  4321 | D:4      | Slain by Edmund

Illustrated notes

Levels and vault maps discovered:
D:1:      mrwooster_arrival_statue_3, layout_basic
D:2:      minmay_chambers_of_ones, layout_basic, serial_shops, shop,
          basic_altar, uniq_jessica
D:3:      layout_basic, mainiacjoe_overflow_alcove_2, serial_park_tiny_1,
          nicolae_grassy_gnolls
D:4:      layout_loops_corners, sigmund_edmund_badplayer

Skill      XL: |  1  2  3  4  5  6  7 |
---------------+----------------------+-----
Spellcasting   | 4 5 |  5.0
Conjurations   | 5 6 7 |  7.7
Hexes          | 5 6 |  6.0
Dodging        | |  2.4
Stealth        | |  2.4

Action                     |  1- 3 |  4- 6 |  7- 9 || total
---------------------------+-------+-------+-------++-------
  Melee: Dagger            |       |     4 |     3 ||     7
   Cast: Magic Dart        |    43 |    74 |     1 ||   118
         Searing Ray       |     1 |    16 |     2 ||    19
         Fulminant Prism   |       |     4 |     1 ||     5
 Armour: Robe              |     1 |     2 |       ||     3
  Dodge: Dodged            |       |     9 |     4 ||    13
